 Dungeon Crawl Stone Soup version 0.18.1-5-g4a78601 (webtiles) character file.

1365 shmeve the Chopper (level 8, 72/73 HPs)
             Began as a Minotaur Berserker on May 13, 2016.
             Was an Elder of Trog.
             Quit the game on level 5 of the Dungeon.
             The game lasted 00:06:58 (3442 turns).

shmeve the Chopper (Minotaur Berserker)             Turns: 3442, Time: 00:06:59

Health: 72/73      AC: 13    Str: 23    XL:     8   Next: 38%
Magic:  7/7        EV:  8    Int:  5    God:    Trog [****..]
Gold:   156        SH:  0    Dex: 10    Spells: 0 memorised, 7 levels left

rFire  . . .     SeeInvis .     y - -1 broad axe (curse)
rCold  . . .     Gourm    .     e - +0 plate armour
rNeg   . . .     Faith    .     (no shield)
rPois  .         Spirit   .     (helmet restricted)
rElec  .         Dismiss  .     u - +0 cloak
rCorr  .         Reflect  .     (no gloves)
SustAt .         Harm     .     (no boots)
MR     .....                    (no amulet)
Stlth  ..........               (no ring)
                                (no ring)

@: not resistant to hostile enchantments, extremely unstealthy
A: retaliatory headbutt, horns 2
a: Berserk, Trog's Hand, Brothers in Arms, Burn Spellbooks, Renounce Religion


You were on level 5 of the Dungeon.
You worshipped Trog.
Trog was greatly pleased with you.
You were not hungry.

You visited 1 branch of the dungeon, and saw 5 of its levels.
You also visited: Sewer.

You collected 156 gold pieces.

Inventory:

Hand Weapons
 y - a cursed -1 broad axe (weapon)
Missiles
 a - 6 tomahawks of returning (quivered)
Armour
 e - a +0 plate armour (worn)
 u - a +0 cloak (worn)
Scrolls
 b - a scroll of remove curse {unknown}
 f - a scroll of immolation {unknown}
 h - a scroll of amnesia {unknown}
 j - a scroll of enchant weapon {unknown}
 l - 5 scrolls of identify {unknown}
 n - 2 scrolls of enchant armour {unknown}
 q - 2 scrolls of teleportation {unknown}
Potions
 g - 4 potions of might {unknown}
 i - a potion of haste {unknown}
 k - a potion of agility {unknown}
 m - a potion of cure mutation {unknown}
 o - 2 potions of flight {unknown}
 s - a potion of curing {unknown}
 t - 2 potions of heal wounds {unknown}
 w - a potion of magic {unknown}
Comestibles
 c - 5 bread rations
 d - a slice of pizza
 r - 2 meat rations
 v - 11 chunks of flesh
 x - 3 fruits


   Skills:
 * Level 7.6 Fighting
 * Level 7.6 Axes
 + Level 3.5 Throwing
 + Level 5.0 Armour
 + Level 4.6 Dodging


You had 7 spell levels left.
You didn't know any spells.

Dungeon Overview and Level Annotations

Branches:
Dungeon (5/15)
 Temple: D:4-7

Altars:
Kikubaaqudgha
Nemelex Xobeh


Innate Abilities, Weirdness & Mutations

You reflexively headbutt those who attack you in melee.
You have a pair of horns on your head.


Message History

The giant gecko bites you but does no damage.
You miss the giant gecko.
The giant gecko is severely wounded.
The giant gecko bites you but does no damage.
The giant gecko closely misses you. You furiously retaliate!
You headbutt the giant gecko. You miss the giant gecko.
The giant gecko is almost dead.
The giant gecko closely misses you.
You closely miss the giant gecko. Your headbutt misses the giant gecko.
The giant gecko is almost dead.
The giant gecko bites you but does no damage.
The giant gecko barely misses you. The ice beast closely misses you.
You miss the giant gecko. Your headbutt misses the giant gecko.
The giant gecko is almost dead.
You hit the ice beast but do no damage.
The giant gecko bites you but does no damage.
The ice beast hits you but does no damage.
Unknown command.
Are you sure you want to abandon this character and quit the game? (Confirm with "yes".)

#..........# ...
#..........# #.?
#...)....#.# #...
#........#.#######
#...#####+##'##........
##............##########
..............#....#####
#....Y...........'....
#...l@.....##....#####
#...........+.........
######+#+#.##....#####
#.##....# #.##....#
#.......# ###.##... ...
.... ... ....


You could see an ice beast and a giant gecko.

Vanquished Creatures
  Pikel (D:4)
  The ghost of devlan the Cudgeler, an amateur OgBe of Trog (D:3)
  Menkaure (D:4)
  3 slaves (D:4)
  An ogre (D:4)
  A big kobold (Sewer)
  A scorpion (D:4)
  A howler monkey (D:4)
  An orc priest (D:5)
  An iguana (D:4)
  5 orc wizards
  A worker ant (D:4)
  9 adders
  A gnoll (D:1)
  2 river rats (Sewer)
  An ooze (D:4)
  An adder skeleton (D:4)
  2 worms (D:2)
  A dart slug (D:3)
  3 giant geckos
  13 orcs
  5 giant cockroaches
  10 goblins
  8 hobgoblins
  2 jackals (Sewer)
  2 quokkas
  2 ball pythons
  8 bats
  3 giant newts
  9 kobolds
  9 rats
109 creatures vanquished.

Vanquished Creatures (others)
  A jelly (D:4)
1 creature vanquished.

Grand Total: 110 creatures vanquished

Notes
Turn   | Place    | Note
--------------------------------------------------------------
     0 | D:1      | shmeve the Minotaur Berserker began the quest for the Orb.
     0 | D:1      | Reached XP level 1. HP: 19/19 MP: 0/0
   117 | D:1      | Reached XP level 2. HP: 20/27 MP: 1/1
   163 | D:1      | Found a sparkling altar of Nemelex Xobeh.
   831 | D:2      | Reached XP level 3. HP: 33/33 MP: 2/2
   916 | D:2      | Reached ** piety under Trog
  1060 | D:2      | Reached XP level 4. HP: 37/41 MP: 3/3
  1547 | D:3      | Found an ancient bone altar of Kikubaaqudgha.
  1666 | D:3      | Reached *** piety under Trog
  1886 | D:3      | Reached XP level 5. HP: 42/47 MP: 4/4
  1898 | D:3      | Reached skill level 5 in Axes
  1919 | D:3      | Reached skill level 1 in Throwing
  2064 | D:3      | Noticed devlan's ghost (amateur OgBe)
  2067 | D:3      | Reached skill level 5 in Fighting
  2072 | D:3      | Killed devlan's ghost
  2072 | D:3      | Reached XP level 6. HP: 56/56 MP: 5/5
  2418 | D:4      | Noticed Menkaure
  2423 | D:4      | Killed Menkaure
  2444 | D:4      | Reached XP level 7. HP: 30/63 MP: 6/6
  2606 | D:4      | Found a glowing drain.
  2617 | Sewer    | Entered a sewer
  2708 | Sewer    | Found a white marble altar of Elyvilon.
  2775 | D:4      | Reached **** piety under Trog
  2783 | D:4      | Noticed Pikel
  2791 | D:4      | Killed Pikel
  2791 | D:4      | Reached skill level 5 in Armour
  2791 | D:4      | Reached XP level 8. HP: 73/73 MP: 7/7
  3092 | D:5      | Entered Level 5 of the Dungeon
  3442 | D:5      | Quit the game

Skill      XL: |  1  2  3  4  5  6  7 |
---------------+----------------------+-----
Fighting       | 4 5 6 7 |  7.6
Axes           | 4 5 6 7 |  7.6
Armour         | 3 4 5 |  5.0
Dodging        | 3 4 |  4.6
Throwing       | 1 2 3 |  3.5

Action                   |  1- 3 |  4- 6 |  7- 9 || total
-------------------------+-------+-------+-------++-------
Melee: Hand axe          |    72 |    66 |       ||   138
       Headbutt          |     7 |    16 |     8 ||    31
       War axe           |       |    19 |    60 ||    79
       Broad axe         |       |       |     5 ||     5
Throw: Tomahawk          |       |    26 |    12 ||    38
Invok: Berserk           |       |     3 |     1 ||     4
       Trog's Hand       |       |     1 |       ||     1
  Eat: Chunk             |       |     7 |     4 ||    11
       Beef jerky        |       |     1 |       ||     1
Armor: Plate armour      |    66 |    43 |    49 ||   158
Dodge: Dodged            |    38 |    33 |    25 ||    96
